 Dungeon Crawl Stone Soup version 0.30.0-15-g856e2d3f33 (webtiles) character file.

Game seed: 494331698923892267

22 hawla the Firebug (level 3, -9/26 HPs)
             Began as a Meteoran Fire Elementalist on May 19, 2023.
             Mangled by Grinder (11 damage)
             ... while paralysed by Grinder
             ... on level 3 of the Dungeon.
             The game lasted 00:02:39 (336 turns).

hawla the Firebug (Meteoran Fire Elementalist)       Turns: 336, Time: 00:02:40

Health: -9/26      AC:  6    Str:  9    XL:     3   Next: 23%
Magic:  3/8        EV:  2    Int: 18    God:
Gold:   119        SH:  0    Dex: 15    Spells: 5/8 levels left

rFire   . . .        (no weapon)
rCold   . . .        (no shield)
rNeg    . . .        a - +0 robe
rPois   .            (no helmet)
rElec   .            (no cloak)
rCorr   .            (no gloves)
SInv    .            (no boots)
Will    .....        (no amulet)
Stlth   +            i - +4 ring of protection
HPRegen 0.24/turn    (no ring)
MPRegen 0.11/turn

%: no passive effects
@: paralysed, very slightly contaminated, glowing
A: sense surroundings 1, otherworldly, glowing, explore regen
a: no special abilities


You were on level 3 of the Dungeon.
You visited 1 branch of the dungeon, and saw 3 of its levels.

You collected 119 gold pieces.

Inventory:

Armour
 a - a +0 robe (worn)
Jewellery
 i - a +4 ring of protection (left hand)
Scrolls
 h - a scroll of identify
Potions
 b - a potion of magic
 c - a potion of cancellation
 d - a potion of ambrosia {unknown}
 e - a potion of haste {unknown}
 f - a potion of attraction {unknown}
 g - 2 potions of invisibility {unknown}


   Skills:
 + Level 2.6 Dodging
 - Level 1.4 Stealth
 + Level 3.2 Spellcasting
 + Level 1.4 Conjurations
 + Level 4.2 Fire Magic


You had 5 spell levels left.
You knew the following spells:

 Your Spells              Type           Power      Damage    Failure   Level
a - Foxfire               Conj/Fire      52%        2x1d6     4%          1
b - Scorch                Fire           36%        2d7       4%          2

Your spell library contained the following spells:

 Spells                   Type           Power      Damage    Failure   Level
 Inner Flame              Hex/Fire       10%        N/A       21%         3
 Volatile Blastmotes      Fire/Tloc      20%        2d11      21%         3
 Flame Wave               Conj/Fire      13%        2d6       43%         4


Dungeon Overview and Level Annotations

Branches:
Dungeon (3/15) Zot: 1463

Altars:

Shops:
D:1 (?   D:2 (

Annotations:
D:3 Grinder


Innate Abilities, Weirdness & Mutations

You passively map a small area around you.
You are easily found by Zot.
You glow in the dark.
You regain HP and MP as you explore.


Message History

Magic restored.
g - 2 smoky brown potions (gained 1) Grinder and a dart slug come into view.
Grinder shouts!
There are monsters nearby!
Casting: Foxfire (safe; 4% risk of failure)
Confirm with . or Enter, or press ? or * to list all spells.
Flames lash Grinder.
Grinder is moderately wounded.
Grinder's fire resistance burns away.
Grinder blinks!
Unknown command.
Casting: Scorch (safe; 4% risk of failure)
Confirm with . or Enter, or press ? or * to list all spells.
You conjure some foxfire!
A bat comes into view.
Casting: Foxfire (safe; 4% risk of failure)
Confirm with . or Enter, or press ? or * to list all spells.
You miscast Foxfire.
You are very lightly contaminated with residual magic.
Nothing appears to happen.
The foxfire hits Grinder.
Grinder is burned terribly!
Grinder is heavily wounded.
The foxfire hits the dart slug.
The dart slug is moderately wounded.
Grinder blinks!
Casting: Foxfire (safe; 4% risk of failure)
Confirm with . or Enter, or press ? or * to list all spells.
Flames lash Grinder.
Grinder is burned terribly!
Grinder is severely wounded.
Grinder gestures at you.
You suddenly lose the ability to move!
The bat hits you but does no damage.
Grinder drinks a potion.
Grinder seems to grow stronger.
The bat hits you but does no damage. Grinder hits you.
You writhe in agony.
The bat hits you but does no damage. The bat hits you. Grinder hits you!
* * * LOW HITPOINT WARNING * * *
You writhe in agony.
* * * LOW HITPOINT WARNING * * *
The bat hits you but does no damage. Grinder hits you!
You die...

.., .....# , * * (...
#...# ......*
.....#...# ..... , *
* .>.......####..!.#
, ...........<#....+
, *
.....##+#.###....###*
, ,
.....#..............
###........#5b?.+, ,
+........#@...# *
#....<....w...#*
#.......##...##* , ,
, ........##...# , ,
..########...# *, *
..* , ,....# , , *
##... , .... , * , ,*
..... *


You could see Grinder (strong, combustible), a dart slug and a bat.

Vanquished Creatures
  3 dart slugs
  2 endoplasms
  A giant cockroach (D:1)
  A goblin (D:2)
  3 ball pythons
  A frilled lizard (D:1)
  5 kobolds
  A rat (D:2)
17 creatures vanquished.

Vanquished Creatures (others)
  55 foxfires
55 creatures vanquished.

Grand Total: 72 creatures vanquished

Notes
Turn   | Place    | Note
-------+----------+-------------------------------------------
     0 | D:1      | hawla the Meteoran Fire Elementalist began the quest for
                  | the Orb.
     0 | D:1      | Reached XP level 1. HP: 14/14 MP: 5/5
    48 | D:1      | Found Osikaun's Magic Scroll Shoppe.
    51 | D:1      | Found Apiagiq's Weapon Shop.
    61 | D:1      | Reached XP level 2. HP: 20/20 MP: 3/6
    64 | D:1      | Learned a level 2 spell: Scorch
   220 | D:2      | Found Patikaff's Weapon Boutique.
   231 | D:2      | Reached skill level 4 in Fire Magic
   268 | D:2      | Reached XP level 3. HP: 18/26 MP: 0/8
   327 | D:3      | Noticed Grinder
   332 | D:3      | Paralysed by Grinder for 5 turns
   336 | D:3      | Mangled by Grinder

Illustrated notes

Levels and vault maps discovered:
D:1:      elethiomel_arrival_infinity_welcomes_careful_drivers,
          layout_loops_ring, serial_shops, nicolae_shop_peninsula, shop,
          nicolae_shop_tiny_waterfront, nicolae_square_shop, serial_aquarium,
          aquarium_bridge_square [aquarium_subvault_wall,
          aquarium_subvault_bridge, aquarium_subvault_wall,
          aquarium_subvault_bridge], aquarium_bridge_square
          [aquarium_subvault_window, aquarium_subvault_bridge,
          aquarium_subvault_wall, aquarium_subvault_window], aquarium_window_3,
          aquarium_window_fake, aquarium_view_2b, aquarium_balcony_3b,
          aquarium_pool_side
D:2:      layout_rooms, serial_shops, nicolae_shop_just_a_little_nook, shop,
          shop
D:3:      layout_basic, mainiacjoe_overflow_surrounded_room, uniq_grinder

Skill      XL: |  1  2 |
---------------+-------+-----
Spellcasting   | 3 |  3.2
Fire Magic     | 4 |  4.2
Dodging        | |  2.6
Stealth        | |  1.4
Conjurations   | |  1.4

Action                     || total
---------------------------++-------
  Melee: Unarmed           ||     3
   Cast: Foxfire           ||    30
         Scorch            ||     2
    Use: Scroll            ||     1
 Armour: Robe              ||     5
  Dodge: Dodged            ||     2
